 Dungeon Crawl Stone Soup version 0.20.0-15-g7f486f2 (webtiles) character file.

29 Monsterracer the Skirmisher (level 3, -5/31 HPs)
             Began as a Minotaur Arcane Marksman on June 11, 2017.
             Slain by Terence
             ... wielding a +0 hand axe
              (8 damage)
             ... on level 2 of the Dungeon.
             The game lasted 00:02:59 (1449 turns).

Monsterracer the Skirmisher (MiAM)                  Turns: 1449, Time: 00:03:00

Health: -5/31      AC:  3    Str: 15    XL:     3   Next: 1%
Magic:  3/3        EV: 12    Int: 10    God:
Gold:   66         SH:  0    Dex: 10    Spells: 3/4 levels left

rFire    . . .     SeeInvis +   h - +0 dagger
rCold    . . .     Gourm    .   (no shield)
rNeg     . . .     Faith    .   b - +0 leather armour
rPois    .         Spirit   .   (helmet restricted)
rElec    .         Reflect  .   (no cloak)
rCorr    .         Harm     .   (no gloves)
MR       .....                  (no boots)
Stlth    +.........             l - amulet of inaccuracy (curse)
Regen    0.1/turn               i - ring of see invisible
MPRegen  0.1/turn               (no ring)

@: about to teleport
A: retaliatory headbutt, horns 2
a: no special abilities


You were on level 2 of the Dungeon.
You were near starving.

You visited 1 branch of the dungeon, and saw 2 of its levels.

You collected 66 gold pieces.

Inventory:

Hand Weapons
 a - a +0 quarterstaff
 h - a +0 dagger (weapon)
Missiles
 c - 4 javelins (quivered)
Armour
 b - a +0 leather armour (worn)
Jewellery
 i - a ring of see invisible (left hand)
 l - a cursed amulet of inaccuracy (around neck)
Scrolls
 e - 2 scrolls of teleportation
 g - a scroll of remove curse {unknown}
 j - a scroll of identify {unknown}
 n - a scroll of blinking {unknown}
Comestibles
 f - a bread ration
 k - a royal jelly
 m - 2 meat rations


   Skills:
 + Level 3.6 Fighting
 - Level 2.0 Throwing
 - Level 2.1 Dodging
 - Level 1.0 Spellcasting
 - Level 2.0 Hexes


You had 3 spell levels left.
You knew the following spells:

 Your Spells              Type           Power        Failure   Level  Hunger
a - Corona                Hex            #......      19%         1    ##.....


Dungeon Overview and Level Annotations

Branches:
Dungeon (2/15)

Altars:

Annotations:
D:2 Terence


Innate Abilities, Weirdness & Mutations

You reflexively headbutt those who attack you in melee.
You have a pair of horns on your head.


Message History

Aim: Terence, wielding a hand axe and wearing a chain mail (berserk, fast, unusually strong)
You throw a throwing net.
The throwing net closely misses Terence.
Terence barely misses you.
Fire/throw which item? (* to show all) (? for menu, Esc to quit)
Press: ? - help, Shift-Dir - straight line, f/p - Terence
Aim: Terence, wielding a hand axe and wearing a chain mail (berserk, fast, unusually strong)
You throw a throwing net. The throwing net barely misses Terence.
Terence barely misses you. Terence hits you with a hand axe!
Terence hits you with a hand axe!
* * * LOW HITPOINT WARNING * * *
Terence hits you but does no damage.
Unknown command.
As you read the scroll labeled NAUNWO ZE SYFA, it crumbles to dust.
You feel strangely unstable.
It was a scroll of teleportation.
Terence hits you with a hand axe!
* * * LOW HITPOINT WARNING * * *
Terence hits you with a hand axe!
You die...

#..#######.
#g.........
#.#########
#.# #.# #.#
#.# ######.#
#...@@.#
##..###.######
.......<#
##..##### ..


You could see Terence (berserk).

Vanquished Creatures
  A worm (D:1)
  A dart slug (D:1)
  A leopard gecko (D:1)
  A goblin (D:1)
  3 hobgoblins (D:1)
  3 jackals (D:1)
  5 bats (D:1)
  4 kobolds (D:1)
  3 rats (D:1)
22 creatures vanquished.

Notes
Turn   | Place    | Note
-------+----------+-------------------------------------------
     0 | D:1      | Monsterracer the Minotaur Arcane Marksman began the quest for the Orb.
     0 | D:1      | Reached XP level 1. HP: 16/16 MP: 1/1
    16 | D:1      | Reached skill level 2 in Fighting
   247 | D:1      | Reached XP level 2. HP: 21/25 MP: 2/2
   498 | D:1      | Reached skill level 3 in Fighting
  1230 | D:1      | Reached XP level 3. HP: 19/31 MP: 3/3
  1432 | D:2      | Noticed Terence
  1449 | D:2      | Slain by Terence

Skill      XL: |  1  2 |
---------------+-------+-----
Fighting       | 2 3 |  3.6
Throwing       | |  2.0
Dodging        | |  2.1
Spellcasting   | |  1.0
Hexes          | |  2.0

Action                   || total
-------------------------++-------
Melee: Dagger            ||    55
       Headbutt          ||     8
       Unarmed           ||     3
Throw: Javelin           ||    16
       Throwing net      ||     3
  Use: Potion            ||     3
       Scroll            ||     1
Armor: Robe              ||    19
       Leather armour    ||     1
Dodge: Dodged            ||    37
